[Event "LAT-ch 2020"]
[Site "Riga"]
[Date "2020.08.24"]
[Round "1.1"]
[White "Kantans, Toms"]
[Black "Rasa, Gints"]
[Result "1-0"]
[ECO "B30"]
[WhiteElo "2499"]
[BlackElo "2054"]
[Annotator "ChessBase"]
[PlyCount "59"]
[EventDate "2020.08.24"]
[EventType "swiss"]
[EventCountry "LAT"]
[SourceTitle "playchess.com"]
[Source "ChessBase"]
[SourceQuality "1"]
[TimeControl "5400+30"]

1. e4 c5 2. Nf3 Nc6 3. Bb5 Nf6 4. Qe2 Qc7 5. e5 Nd5 6. O-O e6 7. c3 a6 8. Bc4 Nf4 9. Qe3 Ng6 10. d4 cxd4 11. cxd4 Ncxe5 12. Nxe5 Nxe5 13. dxe5 Qxc4 14. b3 Qc5 15. Qg3 d6 16. Bb2 Qc2 17. Ba3 dxe5 18. Bxf8 Rxf8 19. Nc3 f6 20. Rfd1 Kf7 21. Qe3 Qg6 22. Qb6 e4 23. Rac1 e5 24. Nd5 Qg5 25. h4 Qxh4 26. Rc7+ Kg6 27. Ne7+ Kg5 28. Nxc8 Raxc8 29. Rxg7+ Kf5 30. g4+ 1-0

[Event "LAT-ch 2020"]
[Site "Riga"]
[Date "2020.08.24"]
[Round "1.2"]
[White "Gudovskis, Konstantins"]
[Black "Starostits, Ilmars"]
[Result "0-1"]
[ECO "B33"]
[WhiteElo "2047"]
[BlackElo "2484"]
[Annotator "ChessBase"]
[PlyCount "66"]
[EventDate "2020.08.24"]
[EventType "swiss"]
[EventCountry "LAT"]
[SourceTitle "playchess.com"]
[Source "ChessBase"]
[SourceQuality "1"]
[TimeControl "5400+30"]

1. e4 c5 2. Nf3 Nc6 3. d4 cxd4 4. Nxd4 Qb6 5. Nb3 Nf6 6. Nc3 e6 7. Be3 Qc7 8. Bd3 Bb4 9. O-O Bxc3 10. bxc3 O-O 11. f4 d6 12. c4 b6 13. Qf3 e5 14. f5 a5 15. g4 a4 16. g5 Nd7 17. Nd2 g6 18. f6 Nc5 19. Kf2 Nb4 20. Ke2 b5 21. h4 bxc4 22. Bxc4 Be6 23. Rfc1 Nxe4 24. Qxe4 d5 25. Bxd5 Nxd5 26. c4 Nxe3 27. Qxe3 Rad8 28. h5 e4 29. hxg6 Qh2+ 30. Ke1 Rxd2 31. gxh7+ Kh8 32. g6 fxg6 33. f7 Rg2 0-1

[Event "LAT-ch 2020"]
[Site "Riga"]
[Date "2020.08.24"]
[Round "1.3"]
[White "Sveshnikov, Vladimir"]
[Black "Kolesnikovs, Ivans"]
[Result "1/2-1/2"]
[ECO "C01"]
[WhiteElo "2426"]
[BlackElo "2014"]
[Annotator "ChessBase"]
[PlyCount "74"]
[EventDate "2020.08.24"]
[EventType "swiss"]
[EventCountry "LAT"]
[SourceTitle "playchess.com"]
[Source "ChessBase"]
[SourceQuality "1"]
[TimeControl "5400+30"]

1. e4 e6 2. d4 d5 3. Nc3 Bb4 4. exd5 exd5 5. Bd3 Nf6 6. Nf3 Bg4 7. h3 Bh5 8. O-O O-O 9. Bg5 c6 10. g4 Bg6 11. Ne5 Bxd3 12. Qxd3 Bxc3 13. bxc3 Qd6 14. Rfe1 Re8 15. Bxf6 Qxf6 16. Re3 Re7 17. Rae1 g6 18. Nxg6 Rxe3 19. Rxe3 hxg6 20. Re8+ Kg7 21. Qg3 g5 22. Rxb8 Rxb8 23. Qxb8 Qf3 24. Qe5+ f6 25. Qg3 Qd1+ 26. Kg2 Qxc2 27. Qc7+ Kg6 28. Qxb7 Qe4+ 29. Kh2 Qc2 30. Kg1 Qxa2 31. Qxc6 a5 32. Qe8+ Kg7 33. Qe7+ Kg6 34. Qf8 Qb1+ 35. Kh2 Qc2 36. Qg8+ Kh6 37. Qh8+ Kg6 1/2-1/2

[Event "LAT-ch 2020"]
[Site "Riga"]
[Date "2020.08.24"]
[Round "1.4"]
[White "Safonovs, Romans"]
[Black "Lanka, Zigurds"]
[Result "0-1"]
[ECO "A37"]
[WhiteElo "1955"]
[BlackElo "2391"]
[Annotator "ChessBase"]
[PlyCount "58"]
[EventDate "2020.08.24"]
[EventType "swiss"]
[EventCountry "LAT"]
[SourceTitle "playchess.com"]
[Source "ChessBase"]
[SourceQuality "1"]
[TimeControl "5400+30"]

1. c4 g6 2. Nc3 c5 3. g3 Bg7 4. Bg2 Nc6 5. Nf3 d6 6. O-O e5 7. d3 Nge7 8. Rb1 O-O 9. a3 a5 10. Bd2 Rb8 11. e3 h6 12. Nb5 Be6 13. Qc2 Qd7 14. b3 Rbd8 15. Bc3 Bh3 16. Rbd1 Bxg2 17. Kxg2 f5 18. Qb2 g5 19. d4 cxd4 20. exd4 e4 21. Ne1 d5 22. f3 f4 23. Qe2 Nf5 24. gxf4 gxf4 25. Bd2 Ncxd4 26. Nxd4 Nxd4 27. Qf2 e3 28. Bxe3 fxe3 29. Qxe3 dxc4 0-1

[Event "LAT-ch 2020"]
[Site "Riga"]
[Date "2020.08.25"]
[Round "2.1"]
[White "Levchenkov, Vitaly"]
[Black "Kantans, Toms"]
[Result "0-1"]
[ECO "B51"]
[WhiteElo "2209"]
[BlackElo "2499"]
[Annotator "ChessBase"]
[PlyCount "68"]
[EventDate "2020.08.24"]
[EventType "swiss"]
[EventCountry "LAT"]
[SourceTitle "playchess.com"]
[Source "ChessBase"]
[SourceQuality "1"]
[TimeControl "5400+30"]

1. e4 c5 2. Nf3 d6 3. Bb5+ Nd7 4. O-O a6 5. Bxd7+ Bxd7 6. d4 cxd4 7. Nxd4 Nf6 8. Re1 e5 9. Nb3 h6 10. Nc3 Rc8 11. a4 Be7 12. a5 Qc7 13. Be3 Qc6 14. f3 O-O 15. Re2 Be6 16. Rd2 Rfd8 17. Bb6 Re8 18. Be3 Bf8 19. Bb6 Nd7 20. Na4 f5 21. exf5 Bxf5 22. c3 Nc5 23. Bxc5 dxc5 24. Nb6 Rc7 25. c4 e4 26. fxe4 Bxe4 27. Qg4 Rf7 28. Rad1 Re5 29. h4 Bf5 30. Qg3 Qe6 31. Nd5 Re4 32. Rc1 Bd6 33. Qf2 Bg6 34. Nxc5 Rxf2 0-1

[Event "LAT-ch 2020"]
[Site "Riga"]
[Date "2020.08.25"]
[Round "2.2"]
[White "Starostits, Ilmars"]
[Black "Kretainis, Kristaps"]
[Result "1/2-1/2"]
[ECO "D11"]
[WhiteElo "2484"]
[BlackElo "2252"]
[Annotator "ChessBase"]
[PlyCount "136"]
[EventDate "2020.08.24"]
[EventType "swiss"]
[EventCountry "LAT"]
[SourceTitle "playchess.com"]
[Source "ChessBase"]
[SourceQuality "1"]
[TimeControl "5400+30"]

1. d4 d5 2. Nf3 Nf6 3. Bf4 c6 4. e3 Bg4 5. c4 Bxf3 6. gxf3 e6 7. Qb3 Qb6 8. c5 Qxb3 9. axb3 a6 10. b4 Nh5 11. Bc7 Kd7 12. Be5 f6 13. Bg3 Nxg3 14. hxg3 Kc7 15. Nc3 h6 16. Bh3 f5 17. g4 f4 18. exf4 g5 19. O-O-O gxf4 20. Rhe1 Be7 21. Rxe6 Bg5 22. Bf1 Nd7 23. Bd3 Rae8 24. Rde1 Kd8 25. Bf5 Rxe6 26. Rxe6 Nf6 27. Na4 Re8 28. Rd6+ Kc7 29. Nb6 Rd8 30. Rxd8 Kxd8 31. Kd2 Kc7 32. Ke2 Kd8 33. Nc8 Ne8 34. Nb6 Nf6 35. Na4 Ne8 36. Nc3 Nc7 37. Kd3 Nb5 38. Ne2 Kc7 39. Kc2 Na7 40. Bd3 Nb5 41. Kd1 Kd8 42. Ke1 Nc7 43. Kd1 Ne6 44. Bf5 Nc7 45. Kc2 Nb5 46. Bd3 Kc7 47. Bxb5 axb5 48. Nc1 Kd8 49. Nd3 Ke7 50. Ne5 Ke6 51. Kd3 Ke7 52. Ke2 Ke6 53. Nd3 Ke7 54. Ne1 Ke6 55. Ng2 Ke7 56. Kf1 Kd7 57. Kg1 Ke7 58. Kh2 Kd7 59. Kh3 Ke7 60. Nh4 Ke6 61. Nf5 Kd7 62. Nd6 Kc7 63. b3 Kb8 64. Kg2 Kc7 65. Kh2 Kb8 66. Nf7 Kc7 67. Kh3 Kd7 68. Nxg5 hxg5 1/2-1/2

[Event "LAT-ch 2020"]
[Site "Riga"]
[Date "2020.08.25"]
[Round "2.3"]
[White "Lanka, Zigurds"]
[Black "Golubovskis, Maksims"]
[Result "1-0"]
[ECO "B90"]
[WhiteElo "2391"]
[BlackElo "2234"]
[Annotator "ChessBase"]
[PlyCount "57"]
[EventDate "2020.08.24"]
[EventType "swiss"]
[EventCountry "LAT"]
[SourceTitle "playchess.com"]
[Source "ChessBase"]
[SourceQuality "1"]
[TimeControl "5400+30"]

1. e4 c5 2. Nf3 d6 3. d4 cxd4 4. Nxd4 Nf6 5. Nc3 a6 6. Be3 e5 7. Nb3 Be7 8. h3 h6 9. Qf3 b5 10. O-O-O Qc7 11. Kb1 Bb7 12. Nd5 Bxd5 13. exd5 Nbd7 14. g4 Rc8 15. Bd3 Nb6 16. Bf5 Rb8 17. Bxb6 Qxb6 18. Nd2 Qc5 19. h4 Qxd5 20. Ne4 Qa8 21. Nxf6+ gxf6 22. Be4 Qa7 23. g5 fxg5 24. hxg5 Bxg5 25. Rxd6 Rd8 26. Qa3 O-O 27. Rdxh6 Bxh6 28. Qg3+ Bg7 29. Rh8+ 1-0

[Event "LAT-ch 2020"]
[Site "Riga"]
[Date "2020.08.25"]
[Round "2.4"]
[White "Bekasovs, Rihards"]
[Black "Berzinsh, Roland"]
[Result "1/2-1/2"]
[ECO "B13"]
[WhiteElo "2177"]
[BlackElo "2378"]
[Annotator "ChessBase"]
[PlyCount "57"]
[EventDate "2020.08.24"]
[EventType "swiss"]
[EventCountry "LAT"]
[SourceTitle "playchess.com"]
[Source "ChessBase"]
[SourceQuality "1"]
[TimeControl "5400+30"]

1. d4 d5 2. Nf3 c5 3. e3 cxd4 4. exd4 Nf6 5. Bd3 g6 6. O-O Nc6 7. c3 Bg7 8. Bf4 O-O 9. Nbd2 Nh5 10. Bg3 Nxg3 11. hxg3 Qd6 12. Re1 Bd7 13. Qe2 Rae8 14. Ne5 Bc8 15. f4 f6 16. Nxg6 hxg6 17. Bxg6 Nd8 18. Qh5 Rf7 19. Nf3 e6 20. Qh7+ Kf8 21. Bxf7 Nxf7 22. Nh4 Nh6 23. Rf1 Qb6 24. Rf2 Nf5 25. Ng6+ Kf7 26. g4 Nd6 27. Ne5+ Kf8 28. Ng6+ Kf7 29. Ne5+ 1/2-1/2

[Event "LAT-ch 2020"]
[Site "Riga"]
[Date "2020.08.25"]
[Round "3.1"]
[White "Kantans, Toms"]
[Black "Lanka, Zigurds"]
[Result "1-0"]
[ECO "B28"]
[WhiteElo "2499"]
[BlackElo "2391"]
[Annotator "ChessBase"]
[PlyCount "87"]
[EventDate "2020.08.24"]
[EventType "swiss"]
[EventCountry "LAT"]
[SourceTitle "playchess.com"]
[Source "ChessBase"]
[SourceQuality "1"]
[TimeControl "5400+30"]

1. e4 c5 2. Nf3 a6 3. c4 Nc6 4. d4 cxd4 5. Nxd4 e5 6. Nc2 Bc5 7. Nc3 d6 8. Be2 Nf6 9. O-O Be6 10. Kh1 Nd4 11. f4 h6 12. b4 Ba7 13. Bb2 Nxc2 14. Qxc2 Bd4 15. Rad1 Qc7 16. Nd5 Bxd5 17. exd5 Bxb2 18. Qxb2 exf4 19. Rxf4 O-O-O 20. Bf3 Rhe8 21. c5 dxc5 22. Rc4 Qe5 23. Qf2 Qe3 24. Qg3 Qe5 25. d6 Qxg3 26. hxg3 Nd7 27. bxc5 Ne5 28. Rcd4 Nxf3 29. d7+ Rxd7 30. Rxd7 Ne5 31. c6 bxc6 32. Ra7 Kb8 33. Rxa6 Kb7 34. Ra4 h5 35. Rb1+ Kc7 36. Ra7+ Kd6 37. Rd1+ Ke6 38. a4 Rc8 39. a5 c5 40. a6 c4 41. Rb7 Nd3 42. a7 c3 43. Rb8 c2 44. Re1+ 1-0

[Event "LAT-ch 2020"]
[Site "Riga"]
[Date "2020.08.25"]
[Round "3.2"]
[White "Starostits, Ilmars"]
[Black "Semjonovs, Ilja"]
[Result "1/2-1/2"]
[ECO "A48"]
[WhiteElo "2484"]
[BlackElo "2368"]
[Annotator "ChessBase"]
[PlyCount "47"]
[EventDate "2020.08.24"]
[EventType "swiss"]
[EventCountry "LAT"]
[SourceTitle "playchess.com"]
[Source "ChessBase"]
[SourceQuality "1"]
[TimeControl "5400+30"]

1. d4 Nf6 2. Nf3 g6 3. Bf4 Bg7 4. e3 O-O 5. Be2 d6 6. h3 c5 7. c3 b6 8. O-O Bb7 9. Nbd2 Nbd7 10. a4 a6 11. Bh2 Bc6 12. Qb3 b5 13. axb5 axb5 14. dxc5 Nxc5 15. Qc2 Qb6 16. Nd4 Bd7 17. Bf3 Rxa1 18. Rxa1 Rc8 19. Bg3 e5 20. N4b3 Be6 21. Nxc5 Qxc5 22. Bh4 d5 23. Nb3 Qc6 24. Qd1 1/2-1/2

[Event "LAT-ch 2020"]
[Site "Riga"]
[Date "2020.08.25"]
[Round "3.3"]
[White "Berzinsh, Roland"]
[Black "Jazdanovs, Aleksandrs"]
[Result "1-0"]
[ECO "D00"]
[WhiteElo "2378"]
[BlackElo "2248"]
[Annotator "ChessBase"]
[PlyCount "61"]
[EventDate "2020.08.24"]
[EventType "swiss"]
[EventCountry "LAT"]
[SourceTitle "playchess.com"]
[Source "ChessBase"]
[SourceQuality "1"]
[TimeControl "5400+30"]

1. d4 Nf6 2. Bf4 c5 3. e3 d5 4. c3 Nc6 5. Nd2 Bf5 6. Qb3 Qb6 7. dxc5 Qxb3 8. axb3 e5 9. Bg3 Bxc5 10. Ngf3 Nd7 11. b4 Bd6 12. Bb5 f6 13. Bxc6 bxc6 14. Nd4 exd4 15. Bxd6 dxe3 16. fxe3 Kf7 17. Nf3 Nb6 18. b3 Rhd8 19. Bc5 Nd7 20. Nd4 Nxc5 21. bxc5 Bd7 22. Ra6 Rdc8 23. Kd2 Rc7 24. Rha1 Ke7 25. b4 g6 26. R1a5 Kf7 27. b5 cxb5 28. c6 Bc8 29. Nxb5 Re7 30. Rxa7 Raxa7 31. Rxa7 1-0

[Event "LAT-ch 2020"]
[Site "Riga"]
[Date "2020.08.25"]
[Round "3.4"]
[White "Mustaps, Matiss"]
[Black "Bekasovs, Rihards"]
[Result "1/2-1/2"]
[ECO "B11"]
[WhiteElo "2363"]
[BlackElo "2177"]
[Annotator "ChessBase"]
[PlyCount "39"]
[EventDate "2020.08.24"]
[EventType "swiss"]
[EventCountry "LAT"]
[SourceTitle "playchess.com"]
[Source "ChessBase"]
[SourceQuality "1"]
[TimeControl "5400+30"]

1. e4 c6 2. Nc3 d5 3. Qf3 dxe4 4. Nxe4 Nf6 5. Nxf6+ exf6 6. Bc4 Bd6 7. d3 O-O 8. Be3 Nd7 9. Bb3 a5 10. a4 Ne5 11. Qe2 Re8 12. O-O-O b5 13. Nf3 Be6 14. Bxe6 fxe6 15. Nxe5 Bxe5 16. axb5 cxb5 17. d4 Bd6 18. Qxb5 Rb8 19. Qc4 Qe7 20. c3 1/2-1/2

[Event "LAT-ch 2020"]
[Site "Riga"]
[Date "2020.08.26"]
[Round "4.1"]
[White "Berzinsh, Roland"]
[Black "Kantans, Toms"]
[Result "1/2-1/2"]
[ECO "B07"]
[WhiteElo "2378"]
[BlackElo "2499"]
[Annotator "ChessBase"]
[PlyCount "79"]
[EventDate "2020.08.24"]
[EventType "swiss"]
[EventCountry "LAT"]
[SourceTitle "playchess.com"]
[Source "ChessBase"]
[SourceQuality "1"]
[TimeControl "5400+30"]

1. d4 Nf6 2. Nf3 g6 3. Nbd2 Bg7 4. e4 d6 5. Bd3 O-O 6. O-O c5 7. c3 cxd4 8. cxd4 Nc6 9. h3 Nh5 10. Nb3 a5 11. Be3 a4 12. Nbd2 d5 13. Bc2 dxe4 14. Nxe4 Bf5 15. a3 Na5 16. Nc3 Bxc2 17. Qxc2 Nb3 18. Rad1 Qc7 19. d5 Rfc8 20. Nd4 Qc4 21. Qe4 Nc5 22. Qb1 Nf4 23. Bxf4 Bxd4 24. Bg5 f6 25. Be3 Be5 26. Rfe1 Rd8 27. Bxc5 Qxc5 28. Re4 b5 29. Qd3 Rab8 30. Rb4 Bxc3 31. bxc3 Rb6 32. c4 bxc4 33. Rxc4 Qb5 34. Qe4 Rbd6 35. Rxa4 f5 36. Rb4 fxe4 37. Rxb5 e6 38. a4 exd5 39. a5 Kf7 40. a6 1/2-1/2

[Event "LAT-ch 2020"]
[Site "Riga"]
[Date "2020.08.26"]
[Round "4.2"]
[White "Semjonovs, Ilja"]
[Black "Kretainis, Kristaps"]
[Result "1-0"]
[ECO "C64"]
[WhiteElo "2368"]
[BlackElo "2252"]
[Annotator "ChessBase"]
[PlyCount "91"]
[EventDate "2020.08.24"]
[EventType "swiss"]
[EventCountry "LAT"]
[SourceTitle "playchess.com"]
[Source "ChessBase"]
[SourceQuality "1"]
[TimeControl "5400+30"]

1. e4 e5 2. Nf3 Nc6 3. Bb5 Bc5 4. O-O Nd4 5. Nxd4 Bxd4 6. c3 Bb6 7. d4 c6 8. Ba4 d6 9. h3 Nf6 10. Bc2 O-O 11. Be3 Re8 12. Nd2 d5 13. dxe5 Rxe5 14. Bd4 Re8 15. e5 c5 16. exf6 cxd4 17. fxg7 Qf6 18. Qh5 Qxg7 19. Nf3 dxc3 20. bxc3 h6 21. Bb3 Be6 22. Bxd5 Bxd5 23. Qxd5 Qxc3 24. Qxb7 Qb2 25. Rab1 Qxa2 26. Rb4 Qe6 27. Rg4+ Kf8 28. Nd2 Rad8 29. Nc4 Bd4 30. Qb4+ Qe7 31. Qd2 Bg7 32. Qc2 h5 33. Rg3 Qe4 34. Qb3 Re6 35. Qa3+ Kg8 36. Ne3 Ra8 37. Qc5 Rg6 38. Nf5 Rxg3 39. fxg3 Bf8 40. Qc1 Qe6 41. g4 hxg4 42. Rf4 Bd6 43. Rxg4+ Kf8 44. Nxd6 Qxd6 45. Qa1 Rb8 46. Qg7+ 1-0

[Event "LAT-ch 2020"]
[Site "Riga"]
[Date "2020.08.26"]
[Round "4.3"]
[White "Bekasovs, Rihards"]
[Black "Starostits, Ilmars"]
[Result "0-1"]
[ECO "A27"]
[WhiteElo "2177"]
[BlackElo "2484"]
[Annotator "ChessBase"]
[PlyCount "76"]
[EventDate "2020.08.24"]
[EventType "swiss"]
[EventCountry "LAT"]
[SourceTitle "playchess.com"]
[Source "ChessBase"]
[SourceQuality "1"]
[TimeControl "5400+30"]

1. c4 e5 2. Nc3 Nc6 3. Nf3 Bc5 4. e3 d6 5. d4 Bb6 6. Be2 Bg4 7. h3 Bxf3 8. Bxf3 exd4 9. Bxc6+ bxc6 10. exd4 Qf6 11. Be3 Ba5 12. Rc1 Ne7 13. O-O Bxc3 14. Rxc3 O-O 15. Re1 Rfe8 16. Bc1 Nf5 17. Rxe8+ Rxe8 18. Be3 Re4 19. Qf3 Qe6 20. d5 Qe5 21. dxc6 Nd4 22. Qd1 h5 23. Rd3 Nxc6 24. b3 g6 25. Rd5 Qe6 26. Kh2 a6 27. Qf3 Ne7 28. Rd3 Nf5 29. g3 a5 30. Kg2 a4 31. c5 axb3 32. cxd6 bxa2 33. d7 a1=Q 34. d8=Q+ Kh7 35. Qxc7 Rxe3 36. Rxe3 Nxe3+ 37. Qxe3 Qxh3+ 38. Kf3 Qhh1+ 0-1

[Event "LAT-ch 2020"]
[Site "Riga"]
[Date "2020.08.26"]
[Round "4.4"]
[White "Dzjuba, Vsevolod"]
[Black "Sveshnikov, Vladimir"]
[Result "0-1"]
[ECO "B19"]
[WhiteElo "2142"]
[BlackElo "2426"]
[Annotator "ChessBase"]
[PlyCount "58"]
[EventDate "2020.08.24"]
[EventType "swiss"]
[EventCountry "LAT"]
[SourceTitle "playchess.com"]
[Source "ChessBase"]
[SourceQuality "1"]
[TimeControl "5400+30"]

1. e4 c6 2. d4 d5 3. Nc3 dxe4 4. Nxe4 Bf5 5. Ng3 Bg6 6. h4 h6 7. Nf3 Nd7 8. h5 Bh7 9. Bd3 Bxd3 10. Qxd3 e6 11. Bf4 Qa5+ 12. Bd2 Bb4 13. c3 Be7 14. c4 Qc7 15. O-O-O Ngf6 16. Kb1 O-O 17. Ne4 Rad8 18. Nxf6+ Nxf6 19. Qc2 Ng4 20. Bc3 b5 21. Be1 bxc4 22. Qxc4 Rd5 23. Rc1 c5 24. Bb4 Nxf2 25. Rhf1 Qb7 26. dxc5 Nd3 27. Ba3 Bxc5 28. Rc3 Bxa3 29. Rb3 Nxb2 0-1

[Event "LAT-ch 2020"]
[Site "Riga"]
[Date "2020.08.27"]
[Round "5.1"]
[White "Kantans, Toms"]
[Black "Semjonovs, Ilja"]
[Result "0-1"]
[ECO "B51"]
[WhiteElo "2499"]
[BlackElo "2368"]
[Annotator "ChessBase"]
[PlyCount "124"]
[EventDate "2020.08.24"]
[EventType "swiss"]
[EventCountry "LAT"]
[SourceTitle "playchess.com"]
[Source "ChessBase"]
[SourceQuality "1"]
[TimeControl "5400+30"]

1. e4 c5 2. Nf3 d6 3. Bb5+ Nd7 4. O-O Ngf6 5. Re1 a6 6. Bd3 e6 7. c3 b5 8. a4 c4 9. Bf1 Bb7 10. d3 cxd3 11. Bxd3 Be7 12. axb5 axb5 13. Rxa8 Qxa8 14. Na3 Bxe4 15. Nxb5 O-O 16. b4 Bxd3 17. Qxd3 Qa6 18. Nfd4 Rb8 19. Bb2 d5 20. Ra1 Qb6 21. Na7 Ra8 22. Ra6 Qb7 23. Ndc6 Bf8 24. Na5 Qc7 25. Nb5 Qc8 26. Rxa8 Qxa8 27. Nd4 Ne4 28. Ndc6 Nd6 29. Bc1 Nc4 30. Be3 Nxa5 31. Nxa5 e5 32. Qb5 d4 33. Qxd7 Qe4 34. g3 dxe3 35. Qd1 e2 36. Qe1 Qd3 37. f3 Qxf3 38. Nb3 g6 39. Nd2 Qe3+ 40. Kg2 Qxc3 41. Qxe2 Qb2 42. Kf3 Bxb4 43. Nc4 Qxe2+ 44. Kxe2 f6 45. g4 h6 46. h4 Bc3 47. Kd3 Bd4 48. Ke4 Kf7 49. Kd5 f5 50. Nd6+ Kf6 51. gxf5 gxf5 52. Nc4 Bc3 53. Ne3 e4 54. Nc2 Bb2 55. Ne3 Bc1 56. Nc2 Bf4 57. Nd4 Bg3 58. h5 Kg5 59. Ne2 Bh2 60. Nd4 Bg3 61. Ne2 Bb8 62. Nd4 Kg4 0-1

[Event "LAT-ch 2020"]
[Site "Riga"]
[Date "2020.08.27"]
[Round "5.2"]
[White "Starostits, Ilmars"]
[Black "Lanka, Zigurds"]
[Result "0-1"]
[ECO "A48"]
[WhiteElo "2484"]
[BlackElo "2391"]
[Annotator "ChessBase"]
[PlyCount "92"]
[EventDate "2020.08.24"]
[EventType "swiss"]
[EventCountry "LAT"]
[SourceTitle "playchess.com"]
[Source "ChessBase"]
[SourceQuality "1"]
[TimeControl "5400+30"]

1. d4 Nf6 2. Nf3 g6 3. Bf4 Bg7 4. e3 d6 5. h3 O-O 6. Be2 Nfd7 7. Nbd2 e5 8. Bh2 Nc6 9. c3 h6 10. O-O f5 11. b4 e4 12. Ne1 Nf6 13. b5 Ne7 14. Qb3+ Kh8 15. Nc2 g5 16. f3 exf3 17. Bxf3 Ng6 18. Be2 Qe7 19. Bd3 g4 20. Bxf5 Bxf5 21. Rxf5 gxh3 22. gxh3 Ne4 23. Rxf8+ Rxf8 24. Nxe4 Qxe4 25. Rf1 Rxf1+ 26. Kxf1 Qf3+ 27. Kg1 Nh4 28. Ne1 Qxe3+ 29. Kf1 Qxh3+ 30. Kg1 Qg4+ 31. Kf2 Qf5+ 32. Ke2 Qh3 33. Bg1 Qg4+ 34. Kf1 Qf4+ 35. Bf2 Nf5 36. Qe6 Ng3+ 37. Kg1 Ne4 38. Nd3 Qf3 39. Bh4 Nxc3 40. Nf2 Ne2+ 41. Kf1 Nxd4 42. Qc8+ Kh7 43. Qxc7 Qe2+ 44. Kg2 Qh5 45. b6 axb6 46. Bg3 Qf3+ 0-1

[Event "LAT-ch 2020"]
[Site "Riga"]
[Date "2020.08.27"]
[Round "5.3"]
[White "Sveshnikov, Vladimir"]
[Black "Berzinsh, Roland"]
[Result "1/2-1/2"]
[ECO "C56"]
[WhiteElo "2426"]
[BlackElo "2378"]
[Annotator "ChessBase"]
[PlyCount "98"]
[EventDate "2020.08.24"]
[EventType "swiss"]
[EventCountry "LAT"]
[SourceTitle "playchess.com"]
[Source "ChessBase"]
[SourceQuality "1"]
[TimeControl "5400+30"]

1. e4 e5 2. Nf3 Nc6 3. Bc4 Nf6 4. d4 exd4 5. e5 d5 6. Bb5 Ne4 7. Nxd4 Bd7 8. Bxc6 Bxc6 9. O-O Bc5 10. Be3 O-O 11. f3 Ng5 12. Nc3 f6 13. Kh1 Bxd4 14. Bxd4 f5 15. Qd2 Ne6 16. Rad1 Qe7 17. Rfe1 f4 18. Bf2 Rad8 19. Ne2 b6 20. Nd4 Bd7 21. b4 c5 22. Nxe6 Bxe6 23. bxc5 bxc5 24. Qa5 d4 25. c3 Rd5 26. cxd4 cxd4 27. Qa6 Rfd8 28. Bh4 Qxh4 29. Qxe6+ Kh8 30. Qf7 R5d7 31. Qf5 d3 32. e6 Re7 33. Re4 Qf6 34. Qxf6 gxf6 35. Kg1 Rd6 36. Kf1 Kg7 37. a3 Kg6 38. Rxf4 Rexe6 39. Rd2 h5 40. Kf2 Re7 41. Rc4 Re5 42. Ra4 Rd7 43. Re4 Ra5 44. a4 Rc5 45. Ke3 Rc3 46. h4 Ra3 47. Kf4 Rd5 48. g4 Ra5 49. Kg3 R5xa4 1/2-1/2

[Event "LAT-ch 2020"]
[Site "Riga"]
[Date "2020.08.27"]
[Round "5.4"]
[White "Golubovskis, Maksims"]
[Black "Mustaps, Matiss"]
[Result "0-1"]
[ECO "B07"]
[WhiteElo "2234"]
[BlackElo "2363"]
[Annotator "ChessBase"]
[PlyCount "128"]
[EventDate "2020.08.24"]
[EventType "swiss"]
[EventCountry "LAT"]
[SourceTitle "playchess.com"]
[Source "ChessBase"]
[SourceQuality "1"]
[TimeControl "5400+30"]

1. e4 d6 2. d4 Nf6 3. Nc3 g6 4. Be3 c6 5. Qd2 b5 6. f3 Nbd7 7. Nge2 Nb6 8. Nf4 Qc7 9. Bd3 Bg7 10. a4 Nc4 11. Bxc4 bxc4 12. d5 Bb7 13. Qd4 cxd5 14. Nfxd5 Bxd5 15. Nxd5 Qb7 16. Bg5 O-O 17. Bxf6 exf6 18. O-O f5 19. Qxc4 fxe4 20. Qxe4 Qxb2 21. Rab1 Qd4+ 22. Qxd4 Bxd4+ 23. Kh1 Kg7 24. Rfd1 Bc5 25. g3 Rab8 26. Kg2 Rfc8 27. Rb3 Re8 28. Kf1 Rbc8 29. Rbd3 h5 30. Rb1 h4 31. g4 h3 32. Nf4 Be3 33. Nxh3 Rxc2 34. Re1 Rh8 35. Re2 Rc1+ 36. Kg2 Bc5 37. Rdd2 a5 38. Rc2 Ra1 39. Ra2 Rb1 40. Rab2 Rd1 41. Nf2 Rd4 42. Re4 Rb4 43. Nd3 Rxb2+ 44. Nxb2 d5 45. Re2 Rb8 46. Nd3 Bd6 47. Rd2 d4 48. f4 Rb1 49. Kf3 Ra1 50. Ke4 Rxa4 51. Kd5 Bf8 52. h3 Ra1 53. Kxd4 a4 54. Nc5 a3 55. Nb3 Rh1 56. Ra2 Rxh3 57. Nc5 Bxc5+ 58. Kxc5 Rf3 59. f5 g5 60. Kd5 Kf6 61. Rh2 Rf4 62. Rg2 Ra4 63. Ra2 Rxg4 64. Rxa3 Kxf5 0-1

[Event "LAT-ch 2020"]
[Site "Riga"]
[Date "2020.08.28"]
[Round "6.1"]
[White "Semjonovs, Ilja"]
[Black "Lanka, Zigurds"]
[Result "0-1"]
[ECO "B30"]
[WhiteElo "2368"]
[BlackElo "2391"]
[Annotator "ChessBase"]
[PlyCount "112"]
[EventDate "2020.08.24"]
[EventType "swiss"]
[EventCountry "LAT"]
[SourceTitle "playchess.com"]
[Source "ChessBase"]
[SourceQuality "1"]
[TimeControl "5400+30"]

1. e4 c5 2. Nf3 Nc6 3. Nc3 e5 4. Bc4 d6 5. d3 h6 6. Be3 g6 7. Nd5 Bg7 8. c3 Nf6 9. h3 Rb8 10. a3 O-O 11. Qd2 Kh7 12. Nxf6+ Qxf6 13. h4 Qe7 14. b4 b6 15. O-O-O Nd8 16. Kb2 Be6 17. b5 f6 18. h5 g5 19. Bxe6 Qxe6 20. c4 a6 21. a4 f5 22. Qc2 Kg8 23. Ng1 Ra8 24. f3 f4 25. Bd2 Qd7 26. Bc3 Ne6 27. Nh3 Ra7 28. Nf2 Rfa8 29. Qb3 Qf7 30. Ra1 axb5 31. axb5 Rxa1 32. Rxa1 Rxa1 33. Kxa1 Qxh5 34. Qd1 Qe8 35. Qa4 Qb8 36. Kb1 Nf8 37. Kc2 Ng6 38. Qa6 Bf6 39. Ng4 Kg7 40. Be1 Bd8 41. Kd1 h5 42. Nh2 Nf8 43. Ke2 Ne6 44. Bf2 Be7 45. Kf1 Nc7 46. Qa1 Qc8 47. Be1 g4 48. fxg4 hxg4 49. Qa7 Kf7 50. Qxb6 g3 51. Nf3 Ne6 52. Bc3 Qh8 53. Ke2 Qh1 54. Ne1 f3+ 55. gxf3 Nf4+ 56. Kd2 g2 0-1

[Event "LAT-ch 2020"]
[Site "Riga"]
[Date "2020.08.28"]
[Round "6.2"]
[White "Mustaps, Matiss"]
[Black "Kantans, Toms"]
[Result "0-1"]
[ECO "B87"]
[WhiteElo "2363"]
[BlackElo "2499"]
[Annotator "ChessBase"]
[PlyCount "98"]
[EventDate "2020.08.24"]
[EventType "swiss"]
[EventCountry "LAT"]
[SourceTitle "playchess.com"]
[Source "ChessBase"]
[SourceQuality "1"]
[TimeControl "5400+30"]

1. e4 c5 2. Nf3 d6 3. d4 cxd4 4. Nxd4 Nf6 5. Nc3 a6 6. Bc4 b5 7. Bb3 Bb7 8. O-O Nbd7 9. Bg5 e6 10. Re1 h6 11. Bh4 g5 12. Bg3 Ne5 13. Bxe6 fxe6 14. Nxe6 Qe7 15. Nd5 Nxd5 16. Bxe5 dxe5 17. exd5 Qf6 18. Qh5+ Ke7 19. Rad1 Rd8 20. Nxd8 Kxd8 21. Re3 Bc5 22. Rf3 Qb6 23. Qg4 Qg6 24. Qe6 Qxe6 25. dxe6+ Kc7 26. Rf7+ Kb6 27. c3 a5 28. e7 Re8 29. Rh7 Rxe7 30. Rxh6+ Bc6 31. Rd8 Rf7 32. Rc8 Bxf2+ 33. Kf1 Bc5+ 34. Ke2 Rc7 35. Rxc7 Kxc7 36. g4 Bd5 37. h4 gxh4 38. Rxh4 Be7 39. Rh7 Kd6 40. Rh6+ Kd7 41. b3 a4 42. bxa4 bxa4 43. Kd1 Bxa2 44. Ra6 Bb3+ 45. Kd2 Bg5+ 46. Kd3 Bc1 47. c4 Bb2 48. Rb6 Kc7 49. g5 Kxb6 0-1